 Dungeon Crawl Stone Soup version 0.22-a0-32-ga749362 (webtiles) character file.

2037 KristoblXynda the Covert (level 9, -1/75 HPs)
             Began as a Naga Fighter on Jan 3, 2018.
             Was a Priest of Yredelemnul.
             Killed from afar by tilp's ghost (6 damage)
             ... with a magic dart
             ... on level 6 of the Dungeon.
             The game lasted 00:16:03 (6842 turns).

KristoblXynda the Covert (Naga Fighter)             Turns: 6842, Time: 00:16:04

Health: -1/75      AC:  8    Str: 21    XL:     9   Next: 24%
Magic:  12/12      EV:  7    Int: 10    God:    Yredelemnul [***...]
Gold:   329        SH:  4    Dex: 10    Spells: 8/8 levels left

rFire    . . .     SeeInvis +   a - +1 long sword
rCold    . . .     Gourm    .   e - +0 buckler
rNeg     . . .     Faith    .   b - +1 scale mail
rPois    +         Spirit   .   (no helmet)
rElec    .         Reflect  .   (no cloak)
rCorr    .         Harm     .   (no gloves)
MR       +....                  (no barding)
Stlth    ++........             (no amulet)
HPRegen  0.22/turn              (no ring)
MPRegen  0.13/turn              (no ring)

@: about to teleport, very slightly contaminated, very slow
A: large, see invisible, deformed body, poison resistance, slowness 2, slow
metabolism 1, spit poison 1, AC +3
a: Spit Poison, Recall Undead Slaves, Injury Mirror, Animate Dead, Renounce
Religion


You were on level 6 of the Dungeon.
You worshipped Yredelemnul.
Yredelemnul was most pleased with you.
You were very hungry.

You visited 1 branch of the dungeon, and saw 6 of its levels.
You also visited: Sewer.

You collected 329 gold pieces.

Inventory:

Hand Weapons
 a - a +1 long sword (weapon)
 n - a +0 scimitar
Missiles
 x - 14 javelins (quivered)
Armour
 b - a +1 scale mail (worn)
 c - a +0 shield
 e - a +0 buckler (worn)
Jewellery
 E - an uncursed amulet of regeneration {unknown}
 F - an uncursed amulet of faith {unknown}
Wands
 o - a wand of paralysis (13)
 t - a wand of scattershot (4)
Scrolls
 k - a scroll of teleportation
 l - 3 scrolls of remove curse
 p - a scroll of enchant armour
 y - a scroll of fear
 A - 4 scrolls of magic mapping
 B - 3 scrolls of amnesia
 D - 2 scrolls of fog
Potions
 d - 8 potions of might
 g - a potion of brilliance
 h - 2 potions of magic {unknown}
 i - 2 potions of flight
 j - a potion of agility
 m - 3 potions of curing
 r - a potion of resistance
 s - a potion of ambrosia {unknown}
 u - a potion of heal wounds
 z - a potion of haste {unknown}
Books
 q - a book of Cantrips

   Spells                             Type                      Level
   a - Confusing Touch                Hexes                        1
   b - Animate Skeleton               Necromancy                   1
   c - Summon Small Mammal            Summoning                    1
   d - Apportation                    Translocation                1
 v - a book of Maledictions

   Spells                             Type                      Level
   a - Corona                         Hexes                        1
   b - Ensorcelled Hibernation        Hexes/Ice                    2
   c - Confuse                        Hexes                        3
   d - Tukima's Dance                 Hexes                        3
   e - Dazzling Spray                 Conjuration/Hexes            3
Comestibles
 f - 9 rations


   Skills:
 - Level 3.0 Fighting
 + Level 6.7 Long Blades
 + Level 5.5 Armour
 + Level 9.0 Stealth
 - Level 2.4 Shields
 - Level 5.1 Invocations
 + Level 1.7 Evocations


You had 8 spell levels left.
You didn't know any spells.

Dungeon Overview and Level Annotations

Branches:
Dungeon (6/15)             Temple (0/1) D:6

Altars:
Ashenzari
Cheibriados
Hepliaklqana
Makhleb
Ru
Sif Muna
Uskayaw
Vehumet
Wu Jian
Xom
Yredelemnul
Zin
The Shining One

Annotations:
D:6 Grinder; tilp's ghost, novice DrCj


Innate Abilities, Weirdness & Mutations

You cannot wear boots.
Your serpentine skin is tough. (AC +3)
You have supernaturally acute eyesight. (SInv)
Armour fits poorly on your strangely shaped body.
Your system is resistant to poisons. (rPois)
You cover ground very slowly.
You have a slow metabolism.
You can spit poison.


Message History

The orb of energy explodes!
You closely miss tilp's ghost.
Tilp's ghost is severely damaged.
Tilp's ghost gestures at you while chanting.
The magic dart hits you!
* * * LOW HITPOINT WARNING * * *
Unknown command.
Blink to where?
Press: ? - help, Dir - move target cursor You are very lightly contaminated with residual magic.
As you read the scroll of blinking, it crumbles to dust.
As you read the scroll of teleportation, it crumbles to dust.
You feel strangely unstable.
Tilp's ghost points at you and mumbles some strange words.
The magic dart hits you!
* * * LOW HITPOINT WARNING * * *
Tilp's ghost gestures at you while chanting.
The magic dart hits you!
You die...
Your body rises from the dead as a mindless zombie.

#.#.....##.###
.......).()..#
.....#.....#.##############
....<......................
######.#####..########.####
... ##.## #.# .### #..# #.#
# # ##########.## #.# #
#.....@.....# #.# #
#.#####.....######.# #
#............# #
#............# #
#............# #
#............# #
#.##.W.......# #
#.##..)).....# #
##...ยง.......#


You could see tilp's ghost.

Vanquished Creatures
  The ghost of Soeti the Skirmisher, an amateur DsMo (D:4)
  Sigmund (D:4)
  Menkaure (D:6)
  An orc warrior (D:4)
  3 ogres
  2 centaurs
  Blork the orc (D:6)
  2 bullfrogs (Sewer)
  A howler monkey (D:4)
  A crimson imp (D:5)
  A gnoll shaman (D:6)
  An orc priest (D:6)
  3 hounds
  A bullfrog skeleton (D:4)
  3 worker ants
  3 orc wizards
  A hound zombie (D:5)
  A hound skeleton (D:4)
  4 gnolls (D:6)
  12 adders
  5 river rats (Sewer)
  3 oozes
  2 worms
  2 dart slugs
  9 leopard geckos
  20 orcs
  9 ball pythons (Sewer)
  10 bats
  10 giant cockroaches
  4 goblins
  7 hobgoblins
  11 jackals
  A quokka (D:3)
  9 frilled lizards
  A jackal skeleton (D:5)
  7 kobolds
  32 rats
186 creatures vanquished.

Vanquished Creatures (collateral kills)
  A phantom (D:5)
  A statue (D:5)
2 creatures vanquished.

Vanquished Creatures (others)
  A sky beast (D:6)
  An orc wizard (D:4)
  A jackal zombie (D:5)
  4 orc zombies
7 creatures vanquished.

Grand Total: 195 creatures vanquished

Notes
Turn   | Place    | Note
-------+----------+-------------------------------------------
     0 | D:1      | KristoblXynda the Naga Fighter began the quest for the Orb.
     0 | D:1      | Reached XP level 1. HP: 21/21 MP: 1/1
   379 | D:1      | Reached skill level 1 in Stealth
   379 | D:1      | Reached XP level 2. HP: 26/28 MP: 2/2
  1034 | D:1      | Reached XP level 3. HP: 34/34 MP: 3/3
  1192 | D:2      | Found a sacrificial altar of Ru.
  1245 | D:2      | Reached skill level 2 in Stealth
  1598 | D:2      | Reached XP level 4. HP: 34/42 MP: 4/4
  1760 | D:2      | Found a shimmering altar of Xom.
  1792 | D:2      | Found a glowing silver altar of Zin.
  1793 | D:2      | Found a basalt altar of Yredelemnul.
  1793 | D:2      | Found a shattered altar of Ashenzari.
  1794 | D:2      | Found a hide-covered altar of Uskayaw.
  1798 | D:2      | Found a burning altar of Makhleb.
  1935 | D:2      | Became a worshipper of Yredelemnul the Dark
  2149 | D:3      | Reached skill level 3 in Stealth
  2206 | D:3      | Reached XP level 5. HP: 49/49 MP: 5/5
  2275 | D:3      | Reached * piety under Yredelemnul
  2587 | D:3      | Found an ornate altar of the Wu Jian Council.
  2803 | D:4      | Reached skill level 1 in Invocations
  2874 | D:4      | Noticed Soeti's ghost (amateur DsMo)
  2887 | D:4      | Killed Soeti's ghost
  2887 | D:4      | Reached skill level 5 in Stealth
  2887 | D:4      | Reached XP level 6. HP: 32/56 MP: 5/7
  3072 | D:4      | Reached XP level 7. HP: 48/62 MP: 8/8
  3261 | D:4      | Reached skill level 5 in Long Blades
  3514 | D:4      | Noticed Sigmund
  3544 | D:4      | Killed Sigmund
  3544 | D:4      | Reached skill level 6 in Stealth
  3562 | D:4      | Found a deep blue altar of Sif Muna.
  3965 | D:4      | Reached XP level 8. HP: 60/69 MP: 10/10
  4303 | D:4      | Found a hazy altar of Hepliaklqana.
  4505 | D:5      | Entered Level 5 of the Dungeon
  4538 | D:5      | Reached skill level 7 in Stealth
  4570 | D:5      | Found a glowing drain.
  4582 | D:5      | Reached ** piety under Yredelemnul
  4596 | Sewer    | Entered a sewer
  5623 | D:5      | Reached *** piety under Yredelemnul
  5633 | D:5      | Reached skill level 5 in Armour
  5639 | D:5      | Reached skill level 8 in Stealth
  5671 | D:5      | Reached skill level 5 in Invocations
  6079 | D:5      | Found a radiant altar of Vehumet.
  6243 | D:5      | Found a glowing golden altar of the Shining One.
  6246 | D:5      | Found a snail-covered altar of Cheibriados.
  6310 | D:6      | Reached XP level 9. HP: 62/75 MP: 12/12
  6392 | D:6      | Noticed Blork the orc
  6402 | D:6      | Killed Blork the orc
  6453 | D:6      | Reached skill level 1 in Evocations
  6551 | D:6      | Found a sacrificial altar of Ru.
  6575 | D:6      | Noticed Grinder
  6595 | D:6      | Noticed Menkaure
  6605 | D:6      | Killed Menkaure
  6617 | D:6      | Reached skill level 9 in Stealth
  6815 | D:6      | Noticed tilp's ghost (novice DrCj)
  6818 | D:6      | Found a staircase to the Ecumenical Temple.
  6842 | D:6      | Killed from afar by tilp's ghost

Vault maps used:
D:1:      saegor_arrival_simple_b
D:2:      grunt_temple_overflow_open, nicolae_ru_sacrificial_ziggurat
D:3:      nicolae_overflow_crystal_walls
D:4:      kennysheep_mini_moat, tgw_sif, first_ration, uniq_sigmund
D:5:      vehumet_statue, minitemple, gup_sewer_entry_pipe
D:6:      lemuel_doored_altar, minmay_temple_entry_steel_oval, uniq_grinder,
          uniq_menkaure, uniq_blork_the_orc
Sewer:    sewer_minmay_w

Skill      XL: |  1  2  3  4  5  6  7  8  9 |
---------------+----------------------------+-----
Stealth        | 1 2 3 5 6 8 9 |  9.0
Long Blades    | 3 4 5 6 |  6.7
Armour         | 3 4 5 |  5.5
Invocations    | 2 3 5 |  5.1
Evocations     | 1 |  1.7
Fighting       | |  3.0
Shields        | |  2.4

Action                   |  1- 3 |  4- 6 |  7- 9 || total
-------------------------+-------+-------+-------++-------
Melee: Long sword        |   108 |   163 |   332 ||   603
Invok: Animate Remains   |       |     2 |       ||     2
       Animate Dead      |       |       |     3 ||     3
 Abil: Spit Poison       |     8 |    15 |    28 ||    51
  Use: Scroll            |       |     5 |    13 ||    18
       Potion            |       |     1 |     7 ||     8
 Stab: Sleeping          |       |       |     1 ||     1
  Eat: Chunk             |     1 |     5 |     3 ||     9
       Ration            |       |     1 |     2 ||     3
Armor: Scale mail        |    29 |    19 |   222 ||   270
       Ring mail         |    37 |    66 |       ||   103
Dodge: Dodged            |    66 |    66 |   143 ||   275
Block: Buckler           |    29 |    39 |    92 ||   160
       Rpst.: Long sword |    24 |    26 |    45 ||    95

Table legend:
 A = Spawn XP
 B = Non-spawn XP
 C = Spawn XP percentage of total XP
 D = Spawn monster count
 E = Non-spawn monster count
 F = Spawn count percentage of total count
 G = Total turns spent on level
                    A         B        C        D         E        F      G
               +---------+---------+-------+---------+---------+-------+---------
         Total |       0 |    2910 |   0.0 |       0 |     190 |   0.0 |  6842
               +---------+---------+-------+---------+---------+-------+---------
           D:1 |       0 |      35 |   0.0 |       0 |      21 |   0.0 |  1177
           D:2 |       0 |      82 |   0.0 |       0 |      29 |   0.0 |   906
           D:3 |       0 |     103 |   0.0 |       0 |      25 |   0.0 |   668
           D:4 |       0 |    1179 |   0.0 |       0 |      22 |   0.0 |  1754
           D:5 |       0 |     583 |   0.0 |       0 |      28 |   0.0 |   942
           D:6 |       0 |     561 |   0.0 |       0 |      17 |   0.0 |   544
         Sewer |       0 |     367 |   0.0 |       0 |      48 |   0.0 |   851
               +---------+---------+-------+---------+---------+-------+---------
